 Dungeon Crawl Stone Soup version 0.21.1-1-g345015f (webtiles) character file.

30 ursun the Ruffian (level 3, 15/26 (31) HPs)
             Began as a Ghoul Monk on Apr 6, 2018.
             Safely got out of the dungeon.
             The game lasted 00:02:38 (1114 turns).

ursun the Ruffian (Ghoul Monk)                      Turns: 1114, Time: 00:02:38

HP:   15/26 (31)    AC:  2    Str: 14    XL:     3   Next: 20%
MP:   2/2           EV: 13    Int:  5    God:
Gold: 68            SH:  0    Dex: 12    Spells: 2/2 levels left

rFire    . . .     SeeInvis .     - Unarmed
rCold    + . .     Gourm    .   (no shield)
rNeg     + + +     Faith    .   a - +0 robe
rPois    ∞         Spirit   .   (no helmet)
rElec    .         Reflect  .   (no cloak)
rCorr    .         Harm     .   (no gloves)
MR       .....                  (no boots)
Stlth    ++........             (no amulet)
HPRegen  0.08/turn              (no ring)
MPRegen  0.08/turn              (no ring)

@: rotting
A: rotting body, claws 1, carnivore, cold resistance 1, negative energy
resistance 3, inhibited regeneration, torment resistance, unbreathing
a: no special abilities


You escaped.
You were hungry.

You visited 1 branch of the dungeon, and saw 2 of its levels.

You collected 68 gold pieces.

Inventory:

Armour
 a - a +0 robe (worn)
Jewellery
 e - an uncursed ring of positive energy {unknown}
Scrolls
 c - 4 scrolls of identify {unknown}
 d - 2 scrolls of enchant weapon {unknown}
 f - 2 scrolls of teleportation {unknown}
 g - a scroll of random uselessness {unknown}
 h - a scroll of remove curse {unknown}
 i - a scroll of magic mapping {unknown}
Comestibles
 b - a ration


   Skills:
 + Level 3.5 Fighting
 + Level 0.8 Armour
 + Level 2.9 Dodging
 + Level 2.7 Stealth
 + Level 3.6 Unarmed Combat


You had 2 spell levels left.
You didn't know any spells.

Dungeon Overview and Level Annotations

Branches:
Dungeon (2/15)

Altars:
Gozag


Innate Abilities, Weirdness & Mutations

Your body is rotting away.
You thrive on raw meat.
You are immune to poison.
You have sharp fingernails.
You are carnivorous and can eat meat at any time.
Your flesh is cold resistant. (rC+)
You are immune to negative energy. (rN+++)
You do not regenerate when monsters are visible.
You are immune to unholy pain and torment.
You can survive without breathing.


Message History

The bat barely misses you. The bat hits you but does no damage.
The bat barely misses you. The bat hits you but does no damage.
The bat closely misses you.
You scratch the bat but do no damage. The bat hits you but does no damage.
The bat hits you but does no damage. The bat misses you.
You miss the bat. The bat misses you.
You scratch the bat.
You kill the bat!
You see here a ball python corpse.
There is an open door here.
There is a stone staircase leading up here.
You climb upwards.
There is a stone staircase leading down here.
You are feeling hungry.
You open the door.
There is an open door here.
There is a staircase leading out of the dungeon here.
Are you sure you want to leave the Dungeon?
This will make you lose the game!
You have escaped!

#####.#.######.....##......##
##.....#).#########.#........##
###..######.##.....##....)......#
...........##.......##..........#
..##########.........##.........#
### #####...........'#........# #
#..'.............##.......#
##.##..............##.....##
##..........@...............#
#...##..............##......#
###....#.............#'.......#
#......##...........##........#
###.#.....##.........##.........#
...........##.......###........##
#####.......#'.....#####......##
#####........#######..#########
...##..........# #......#


There were no monsters in sight!

Vanquished Creatures
  An adder (D:2)
  A leopard gecko (D:1)
  2 bats
  A giant cockroach (D:1)
  2 goblins (D:1)
  2 hobgoblins (D:1)
  A quokka (D:2)
  A ball python (D:2)
  A frilled lizard (D:1)
  3 kobolds (D:1)
  7 rats
22 creatures vanquished.

Notes
Turn   | Place    | Note
-------+----------+-------------------------------------------
     0 | D:1      | ursun the Ghoul Monk began the quest for the Orb.
     0 | D:1      | Reached XP level 1. HP: 19/19 MP: 0/0
   221 | D:1      | Reached XP level 2. HP: 26/26 MP: 1/1
   938 | D:2      | Found an opulent altar of Gozag.
   994 | D:2      | Reached XP level 3. HP: 14/26 MP: 2/2
  1114 | D:$      | Safely got out of the dungeon.

Action                   || total
-------------------------++-------
Melee: Unarmed           ||    63
 Stab: Sleeping          ||     3
Armor: Robe              ||    16
Dodge: Dodged            ||    58
